 Dungeon Crawl Stone Soup version 0.30.0-15-g856e2d3f33 (webtiles) character file.

Game seed: 14065349976213880728

79 ragingrage the Cutter (level 4, -6/25 HPs)
             Began as a Kobold Transmuter on May 18, 2023.
             Was a Believer of Sif Muna.
             Mangled by an iguana (11 damage)
             ... on level 4 of the Dungeon.
             The game lasted 00:03:12 (2336 turns).

ragingrage the Cutter (Kobold Transmuter)           Turns: 2336, Time: 00:03:13

Health: -6/25      AC:  2    Str:  7    XL:     4   Next: 64%
Magic:  7/7        EV: 15    Int: 16    God:    Sif Muna [**....]
Gold:   101        SH:  0    Dex: 15    Spells: 0/7 levels left

rFire   . . .        a - +0 dagger
rCold   . . .        (no shield)
rNeg    . . .        o - +0 robe
rPois   .            (helmet currently unavailable)
rElec   .            (no cloak)
rCorr   .            (no gloves)
SInv    +            c - melded +0 pair of boots
Will    .....        l - amulet of faith
Stlth   +++          n - ring of see invisible
HPRegen 0.24/turn    (no ring)
MPRegen 0.10/turn

%: faith
@: appendages
A: horns 2, talons 2, small, no large weapons, nightstalker 3
a: End Transformation, Renounce Religion, Channel Magic


You were on level 4 of the Dungeon.
You worshipped Sif Muna.
Sif Muna was pleased with you.
You had temporarily grown beastly horns and talons.
You visited 1 branch of the dungeon, and saw 4 of its levels.

You collected 101 gold pieces.

Inventory:

Hand Weapons
 a - a +0 dagger (weapon)
 b - a +0 shortbow
Armour
 c - a +0 pair of boots (melded)
 o - a +0 robe (worn)
Magical Staves
 m - a staff of conjuration
Jewellery
 i - a ring of ice
 k - an amulet of the acrobat
 l - an amulet of faith (around neck)
 n - a ring of see invisible (left hand)
Scrolls
 d - 2 scrolls of noise {unknown}
 f - a scroll of fog {unknown}
 g - 5 scrolls of identify {unknown}
 j - 2 scrolls of teleportation {unknown}
 p - a scroll of poison {unknown}
Potions
 e - 2 potions of curing {unknown}
 h - 2 potions of haste {unknown}
 q - a potion of lignification


   Skills:
 - Level 1.1 Fighting
 + Level 3.2 Short Blades
 - Level 2.4 Dodging
 - Level 3.0 Stealth
 - Level 3.0 Unarmed Combat
 - Level 2.1 Spellcasting
 + Level 2.5 Transmutations
 + Level 0.7 Ice Magic


You couldn't memorise any spells.
You knew the following spells:

 Your Spells              Type           Power      Damage    Failure   Level
a - Beastly Appendage     Tmut           20%        N/A       7%          1
b - Wereblood             Tmut           10%        N/A       11%         2
c - Ice Form              Ice/Tmut       7%         N/A       71%         4

Your spell library contained the following spells:

 Spells                   Type           Power      Damage    Failure   Level
 Blink                    Tloc           2%         N/A       30%         2
 Spider Form              Tmut/Pois      5%         N/A       34%         3
 Manifold Assault         Tloc           1%         N/A       90%         4
 Iskenderun's Battlesphe  Conj           1%         2d6       99%         5
 Iron Shot                Conj/Erth      0%         9d1       100%        6
 Spellforged Servitor     Conj/Summ      0%         N/A       100%        7
 Storm Form               Tmut/Air       2%         N/A       100%        7


Dungeon Overview and Level Annotations

Branches:
Dungeon (4/15)
 Temple: D:4-7

Altars:
Makhleb
Sif Muna

Annotations:
D:3 Sigmund


Innate Abilities, Weirdness & Mutations

You have temporarily grown beastly horns and talons.
You are small and have problems with some larger weapons.
You are completely attuned to the shadows.


Message History

You hit the kobold but do no damage. The kobold closely misses you.
You barely miss the kobold. The kobold barely misses you.
You closely miss the kobold. The kobold misses you.
You closely miss the kobold. The kobold barely misses you.
You hit the kobold.
You kill the kobold!
Sif Muna accepts your kill.
No target in view!
Things that are here:
a +0 short sword; a kobold corpse
Found an escape hatch in the floor.
Things that are here:
a +0 club; a goblin corpse
There is a stone staircase leading up here.
Found a stone staircase leading up.
An iguana comes into view.
An iguana is nearby!
Casting: Beastly Appendage (safe; 7% risk of failure)
You grow a pair of large bovine horns.
Your feet morph into talons.
Your +0 pair of boots melds into your body.
The iguana hisses angrily.
The iguana misses you.
You hit the iguana. The iguana misses you.
You hit the iguana but do no damage. Your kick misses the iguana.
You headbutt the iguana, but do no damage.
You closely miss the iguana. Your kick misses the iguana.
You headbutt the iguana, but do no damage.
The iguana misses you.
You hit the iguana but do no damage. You claw the iguana, but do no damage.
You headbutt the iguana, but do no damage.
The iguana closely misses you.
Casting: Beastly Appendage (safe; 7% risk of failure)
Okay, then.
You completely miss the iguana. You headbutt the iguana. The iguana bites you!
You hit the iguana but do no damage. You claw the iguana.
You headbutt the iguana, but do no damage.
The iguana bites you!
* * * LOW HITPOINT WARNING * * *
You hit the iguana but do no damage. The iguana bites you!
You die...

#......#
..#......#
..#.##.###
....#..#
....#..#
.......###
.........######
###...........#
#.........@l#
#........<..#
.....########
.#.


You could see an iguana.

Vanquished Creatures
  2 adders (D:2)
  3 worms (D:2)
  7 ball pythons
  4 bats
  3 endoplasms (D:1)
  A giant cockroach (D:1)
  3 goblins
  8 hobgoblins
  4 jackals (D:1)
  2 quokkas
  2 frilled lizards
  5 kobolds
  7 rats
51 creatures vanquished.

Notes
Turn   | Place    | Note
-------+----------+-------------------------------------------
     0 | D:1      | ragingrage the Kobold Transmuter began the quest for the
                  | Orb.
     0 | D:1      | Reached XP level 1. HP: 12/12 MP: 3/3
    84 | D:1      | Reached skill level 1 in Stealth
   149 | D:1      | Reached XP level 2. HP: 16/16 MP: 3/5
   353 | D:1      | Found a faded altar of an unknown god.
   380 | D:1      | Reached skill level 1 in Short Blades
   396 | D:1      | Prayed at the altar of an unknown god.
   396 | D:1      | Became a worshipper of Sif Muna the Loreminder
   396 | D:1      | Reached * piety under Sif Muna
   792 | D:1      | Reached XP level 3. HP: 20/20 MP: 3/6
   898 | D:1      | You fall into a shaft and drop 1 floor!
   991 | D:2      | Learned a level 2 spell: Wereblood
  1138 | D:2      | Reached XP level 4. HP: 16/25 MP: 4/7
  1200 | D:2      | Reached ** piety under Sif Muna
  1235 | D:2      | Learned a level 4 spell: Ice Form
  2182 | D:3      | Found a burning altar of Makhleb.
  2246 | D:3      | Noticed Sigmund
  2336 | D:4      | Mangled by an iguana

Illustrated notes

Levels and vault maps discovered:
D:1:      lemuel_arrival_rhombus, layout_loops_cross,
          hellmonk_ecumenical_altar_pennies_from_heaven,
          minmay_misc_feat_encased, corner_web_ring
D:2:      layout_basic
D:3:      layout_rooms, bloody_makhleb, amcnicky_altar_gilded, uniq_terence,
          uniq_jessica, uniq_sigmund
D:4:      layout_rooms, minmay_temple_entry_tees

Skill      XL: |  1  2  3  4 |
---------------+-------------+-----
Stealth        | 2 3 |  3.0
Short Blades   | 1 2 3 |  3.2
Fighting       | |  1.1
Dodging        | |  2.4
Unarmed Combat | |  3.0
Spellcasting   | |  2.1
Transmutations | |  2.5
Ice Magic      | |  0.7

Action                     |  1- 3 |  4- 6 || total
---------------------------+-------+-------++-------
  Melee: Unarmed           |    10 |       ||    10
         Kick              |    22 |    10 ||    32
         Headbutt          |    12 |    10 ||    22
         Dagger            |    85 |    63 ||   148
         Punch             |     1 |       ||     1
   Fire: Shortbow          |       |     3 ||     3
   Cast: Beastly Appendage |    19 |    10 ||    29
   Stab: Sleeping          |    10 |     7 ||    17
 Armour: Robe              |     8 |       ||     8
         Ring mail         |    10 |     7 ||    17
  Dodge: Dodged            |    56 |    33 ||    89
